 Dungeon Crawl Stone Soup version 0.16-a0-3976-g683f154 (webtiles) character file.

23 timbw the Caller (level 2, 0/11 HPs)
             Began as a Felid Summoner on Feb 11, 2015.
             Slain by a hobgoblin
             ... wielding a +0 club
              (6 damage)
             ... on level 2 of the Dungeon.
             The game lasted 00:03:09 (401 turns).

timbw the Caller (Felid Summoner)                    Turns: 401, Time: 00:03:10

Health: 0/11       AC:  1    Str:  4    XL:     2   Next: 75%
Magic:  5/6        EV: 18    Int: 16    God:
Gold:   17         SH:  0    Dex: 16    Spells: 2 memorised, 3 levels left
                                        Lives:  0   Deaths: 0

rFire  . . .     SeeInvis +     (weapon unavailable)
rCold  . . .     Clarity  .     (armour unavailable)
rNeg   . . .     SustAb   .     (shield unavailable)
rPois  .         Gourm    .     (helmet unavailable)
rElec  .         Spirit   .     (cloak unavailable)
rCorr  .         Warding  .     (gloves unavailable)
rMut   .         Stasis   .     (boots unavailable)
MR     .....                    (no amulet)
Stlth  +++.......               (no ring)
                                (no ring)

@: quick, not resistant to hostile enchantments, fairly stealthy
A: paw claws, no armour, no weapons or thrown items, fangs 3, see invisible,
carnivore 3, speed 1, shaggy fur 1, slow metabolism 1, sharp paws
a: no special abilities


You were on level 2 of the Dungeon.
You were not hungry.

You visited 1 branch of the dungeon, and saw 2 of its levels.

You collected 17 gold pieces.

Inventory:

Scrolls
 a - a scroll of enchant weapon {unknown}
 e - a scroll of identify {unknown}
 f - a scroll of enchant armour {unknown}
Potions
 d - a potion of degeneration {unknown}
Books
 b - a book of Callings

   Spells                             Type                      Level
   a - Summon Small Mammal            Summoning                    1
   b - Call Imp                       Summoning                    2
   c - Call Canine Familiar           Summoning                    3
   d - Summon Guardian Golem          Hexes/Summoning              4
   e - Summon Lightning Spire         Summoning/Air                4
   f - Summon Ice Beast               Ice/Summoning                4
Comestibles
 c - 2 meat rations
 g - a beef jerky


   Skills:
 - Level 2.6 Dodging
 - Level 2.6 Stealth
 + Level 2.6 Spellcasting
 + Level 4.4 Summonings


You had 3 spell levels left.
You knew the following spells:

 Your Spells              Type           Power        Failure   Level  Hunger
a - Summon Small Mammal   Summ           ###.         3%          1    #......
b - Call Imp              Summ           ###.....     6%          2    ##.....


Dungeon Overview and Level Annotations

Branches:
Dungeon (2/15)

Altars:


Innate Abilities, Weirdness & Mutations

You cannot wear armour.
You are incapable of wielding weapons or throwing items.
You have razor-sharp teeth.
You have supernaturally acute eyesight.
You are carnivorous and can eat meat at any time.
You cover ground quickly.
You are covered in fur (AC +1).
You have a slow metabolism.
Your paws have sharp claws that are effective at stabbing.


Message History

The hobgoblin hits your crimson imp but does no damage.
Your crimson imp hits the hobgoblin.
The hobgoblin hits your crimson imp with a club.
Your crimson imp hits the hobgoblin.
Found 19 poisoned needles.
You see here 12 poisoned needles.
The hobgoblin hits your crimson imp with a club.
Your crimson imp blinks!
Your crimson imp blinks!
You see here a beef jerky.
g - a beef jerky The hobgoblin hits your crimson imp with a club.
Your crimson imp blinks!
Your crimson imp blinks!
You scratch the hobgoblin but do no damage.
You bite the hobgoblin, but do no damage.
The hobgoblin is severely wounded.
The hobgoblin hits you with a club.
Ouch! That really hurt!
You die...

### ... ...## #.# .....
..# ...# #.# #..# ##.###
#..# ..<.
#.#####..#####.######.#
##......5............>..
........@g..(...########
..#.#.....#####.#
#.#(.....##.# #
###.##.##.# ..# ##.# ...
..# #.## #.# #. #.# .. .


You could see a hobgoblin and a friendly crimson imp.

Vanquished Creatures
  A bat (D:2)
  A rat (D:2)
2 creatures vanquished.

Vanquished Creatures (collateral kills)
  3 adders (D:2)
  A ball python (D:2)
  A hobgoblin (D:2)
  4 jackals (D:2)
  A quokka (D:2)
  A kobold (D:2)
11 creatures vanquished.

Vanquished Creatures (others)
  2 bats (D:2)
  2 quokkas (D:2)
4 creatures vanquished.

Grand Total: 17 creatures vanquished

Notes
Turn   | Place    | Note
--------------------------------------------------------------
     0 | D:1      | timbw, the Felid Summoner, began the quest for the Orb.
     0 | D:1      | Reached XP level 1. HP: 7/7 MP: 4/4
   127 | D:2      | Reached XP level 2. HP: 3/11 MP: 1/6
   131 | D:2      | Learned a level 2 spell: Call Imp
   401 | D:2      | Slain by a hobgoblin

Action                   || total
-------------------------++-------
Melee: Unarmed           ||     8
 Cast: Summon Small Mamm ||    10
       Call Imp          ||     6
 Stab: Sleeping          ||     1
